SL
BALTIMORE BULLETS @ PITTSBURGH KINGFISHERS
07/04/2050
 
TOP OF THE 1ST
Baltimore Bullets batting - Pitching for Pittsburgh Kingfishers : RHP Todd Hunter
Pitching: RHP Todd Hunter
Batting: RHB Sayed Walid 0-0: Swinging Strike
0-1: Ball
1-1: Ball
2-1: Ball
3-1: Foul Ball, location: 2F
3-2: Base on Balls
Batting: LHB Keith Atkins 0-0: Ball
1-0: Ball
2-0: Ball
3-0: Base on Balls
Sayed Walid to second
Batting: SHB Jorge Rocha 0-0: Ball
1-0: Ball
2-0: Called Strike
2-1: Ball
3-1: Foul Ball, location: 2F
3-2: Base on Balls
Sayed Walid to third
Keith Atkins to second
Batting: LHB Julián Flores 0-0: Ball
1-0: Ball
2-0: GRAND SLAM HOME RUN (Flyball, 9LD, EV 98.8 MPH), Distance : 359 ft
Batting: RHB Jesús Vargas 0-0: Swinging Strike
0-1: Swinging Strike
0-2: Foul Ball, location: 2F
0-2: Ball
1-2: Ball
2-2: Ball
3-2: Ground out 6-3 (Groundball, 6, EV 86.2 MPH)
Batting: LHB Benjamin Bays 0-0: Ball
1-0: Foul Ball, location: 2F
1-1: Foul Ball, location: 2F
1-2: Strikes out swinging
Batting: LHB Norbert King 0-0: SINGLE (Line Drive, 3D, EV 94.4 MPH)
Batting: RHB Juan Pérez 0-0: Swinging Strike
0-1: Swinging Strike
0-2: Ball
1-2: DOUBLE (Line Drive, 9LS, EV 104.4 MPH)
Norbert King to third
Runner from 3rd tries for Home, SAFE, throw by RF to home
Batting: LHB Roberto Torres 0-0: Called Strike
0-1: Foul Ball, location: 2F
0-2: Ball
1-2: Strikes out swinging
Top of the 1st over - 5 runs, 3 hits, 0 errors, 1 left on base; Baltimore 5 - Pittsburgh 0
BOTTOM OF THE 1ST
Pittsburgh Kingfishers batting - Pitching for Baltimore Bullets : RHP Herman Overwater
Pitching: RHP Herman Overwater
Batting: LHB Gustavo Gonzáles 0-0: Ball
1-0: Called Strike
1-1: Foul Ball, location: 2F
1-2: Foul Ball, location: 2F
1-2: Ball
2-2: SOLO HOME RUN (Flyball, 9D, EV 91.9 MPH) (Inside the Park)
Batting: RHB Jesús Cortéz 0-0: Ball
1-0: Ball
2-0: Called Strike
2-1: Ball
3-1: Foul Ball, location: 2F
3-2: Ground out 5-3 (Groundball, 56, EV 84.4 MPH)
Batting: LHB Kyung-chul Son 0-0: Called Strike
0-1: Foul Ball, location: 2F
0-2: Ball
1-2: Ball
2-2: Foul Ball, location: 2F
2-2: Hit by Pitch
Batting: LHB Martín Flores 0-0: 2-RUN HOME RUN (Flyball, 8LXD, EV 115.0 MPH), Distance : 458 ft
Batting: RHB Ignacio Páez 0-0: Ball
1-0: Called Strike
1-1: Called Strike
1-2: Ground out U3 (Groundball, 3S, EV 88.8 MPH)
Batting: LHB Philip Todd 0-0: Ball
1-0: Called Strike
1-1: Ball
2-1: DOUBLE (Line Drive, 3D, EV 104.4 MPH)
Batting: RHB Luis Pamparacuatro 0-0: TRIPLE (Line Drive, 78XD, EV 108.1 MPH)
Philip Todd scores
Batting: LHB Wing-kit Ou-yang 0-0: Ball
1-0: Ball
2-0: Ball
3-0: Called Strike
3-1: Ground out 5-3 (Groundball, 5, EV 88.1 MPH)
Bottom of the 1st over - 4 runs, 4 hits, 0 errors, 1 left on base; Baltimore 5 - Pittsburgh 4
TOP OF THE 2ND
Baltimore Bullets batting - Pitching for Pittsburgh Kingfishers : RHP Todd Hunter
Batting: RHB Sayed Walid 0-0: Ball
1-0: Foul Ball, location: 2F
1-1: Ground out 2-3 (Groundball, 15S, EV 70.0 MPH)
Batting: LHB Keith Atkins 0-0: Ball
1-0: Foul Ball, location: 2F
1-1: Ball
2-1: Called Strike
2-2: Fly out, F7 (Flyball, 7LM, EV 85.6 MPH)
Batting: SHB Jorge Rocha 0-0: Ball
1-0: Foul Ball, location: 2F
1-1: Swinging Strike
1-2: Ball
2-2: Ground out U3 (Groundball, 3, EV 84.4 MPH)
Top of the 2nd over - 0 runs, 0 hits, 0 errors, 0 left on base; Baltimore 5 - Pittsburgh 4
BOTTOM OF THE 2ND
Pittsburgh Kingfishers batting - Pitching for Baltimore Bullets : RHP Herman Overwater
Batting: SHB Cristo López 0-0: Ball
1-0: Swinging Strike
1-1: Ball
2-1: Ball
3-1: Foul Ball, location: 2F
3-2: Base on Balls
Batting: LHB Gustavo Gonzáles 0-0: Ball
1-0: Ball
2-0: Fly out, F8 (Flyball, 89S, EV 80.0 MPH)
Batting: RHB Jesús Cortéz 0-0: SINGLE (Line Drive, 9S, EV 93.8 MPH)
Cristo López to second
Runner from 2nd tries for 3rd, SAFE, no throw by RF
Batting: LHB Kyung-chul Son 0-0: SINGLE (Flyball, 4D, EV 96.2 MPH)
Cristo López scores
Jesús Cortéz to second
Pitching: RHP Taisuke Yuasa
Batting: LHB Martín Flores 0-0: Swinging Strike
0-1: Ball
1-1: Ball
2-1: Foul Ball, location: 2F
2-2: Strikes out swinging
Batting: RHB Ignacio Páez 0-0: Ball
1-0: Ball
2-0: DOUBLE (Line Drive, 9D, EV 99.4 MPH)
Jesús Cortéz scores
Kyung-chul Son to third
Runner from 3rd tries for Home, SAFE, throw by RF to home
Batting: LHB Philip Todd 0-0: Ball
1-0: Called Strike
1-1: Called Strike
1-2: DOUBLE (Flyball, 78XD, EV 106.9 MPH)
Ignacio Páez scores
Batting: RHB Luis Pamparacuatro 0-0: Called Strike
0-1: DOUBLE (Line Drive, 89M, EV 104.4 MPH)
Philip Todd scores
Batting: LHB Wing-kit Ou-yang 0-0: Ball
1-0: Ground out 6-3 (Groundball, 6, EV 90.6 MPH)
Bottom of the 2nd over - 5 runs, 5 hits, 0 errors, 1 left on base; Baltimore 5 - Pittsburgh 9
TOP OF THE 3RD
Baltimore Bullets batting - Pitching for Pittsburgh Kingfishers : RHP Todd Hunter
Batting: LHB Julián Flores 0-0: Ball
1-0: Ball
2-0: Called Strike
2-1: Swinging Strike
2-2: Strikes out swinging
Batting: RHB Jesús Vargas 0-0: Ball
1-0: Ball
2-0: Ball
3-0: Base on Balls
Batting: LHB Benjamin Bays 0-0: Ball
1-0: Swinging Strike
1-1: Foul Ball, location: 2F
1-2: Ball
Wild Pitch!
Jesús Vargas to second
2-2: Ball
3-2: Foul Ball, location: 2F
3-2: Fly out, F8 (Flyball, 8RD, EV 93.8 MPH)
Batting: LHB Norbert King 0-0: Ball
1-0: Ball
2-0: Ball
3-0: Base on Balls
Batting: RHB Juan Pérez 0-0: Ball
1-0: Ball
2-0: Foul Ball, location: 2F
2-1: Foul Ball, location: 2F
2-2: Strikes out swinging
Top of the 3rd over - 0 runs, 0 hits, 0 errors, 2 left on base; Baltimore 5 - Pittsburgh 9
BOTTOM OF THE 3RD
Pittsburgh Kingfishers batting - Pitching for Baltimore Bullets : RHP Taisuke Yuasa
Batting: SHB Cristo López 0-0: Ball
1-0: Swinging Strike
1-1: Ball
2-1: Called Strike
2-2: Strikes out swinging
Batting: LHB Gustavo Gonzáles 0-0: Ball
1-0: Called Strike
1-1: Ball
2-1: Foul Ball, location: 2F
2-2: Ball
3-2: Base on Balls
Batting: RHB Jesús Cortéz 0-0: Ball
Gustavo Gonzáles steals 2nd base
1-0: Ball
2-0: Called Strike
2-1: Called Strike
2-2: Fly out, F8 (Flyball, 8LD, EV 89.4 MPH)
Batting: LHB Kyung-chul Son 0-0: Ball
1-0: Foul Ball, location: 2F
1-1: Foul Ball, location: 2F
1-2: Foul Ball, location: 2F
1-2: Strikes out swinging
Bottom of the 3rd over - 0 runs, 0 hits, 0 errors, 1 left on base; Baltimore 5 - Pittsburgh 9
TOP OF THE 4TH
Baltimore Bullets batting - Pitching for Pittsburgh Kingfishers : RHP Todd Hunter
Batting: LHB Roberto Torres 0-0: Foul Ball, location: 2F
0-1: Ball
1-1: Ball
2-1: Ground out 4-3 (Groundball, 34D, EV 89.4 MPH)
Batting: RHB Sayed Walid 0-0: Called Strike
0-1: Ball
1-1: Ball
2-1: Foul Ball, location: 2F
2-2: Ball
3-2: Strikes out swinging
Batting: LHB Keith Atkins 0-0: Ball
1-0: Called Strike
1-1: Ball
2-1: Swinging Strike
2-2: Foul Ball, location: 2F
2-2: Ball
3-2: Foul Ball, location: 2F
3-2: Strikes out swinging
Top of the 4th over - 0 runs, 0 hits, 0 errors, 0 left on base; Baltimore 5 - Pittsburgh 9
BOTTOM OF THE 4TH
Pittsburgh Kingfishers batting - Pitching for Baltimore Bullets : RHP Taisuke Yuasa
Batting: LHB Martín Flores 0-0: Foul Ball, location: 2F
0-1: Ball
1-1: Ball
2-1: Ball
3-1: Base on Balls
Batting: RHB Ignacio Páez 0-0: Ball
1-0: Ball
2-0: Ball
3-0: Called Strike
3-1: Called Strike
3-2: 2-RUN HOME RUN (Flyball, 7LD, EV 92.5 MPH), Distance : 353 ft
Pitching: RHP Thomas Rice
Batting: LHB Philip Todd 0-0: Foul Ball, location: 2F
0-1: Ball
1-1: SINGLE (Groundball, 4D, EV 96.9 MPH)
Batting: RHB Luis Pamparacuatro 0-0: Ball
1-0: Ball
2-0: Foul Ball, location: 2F
2-1: Called Strike
2-2: Ball
3-2: Grounds into double play, 6-4-3 (Groundball, 6, EV 105.0 MPH)
Batting: LHB Wing-kit Ou-yang 0-0: Ball
1-0: Swinging Strike
1-1: Ground out 1-3 (Groundball, 13S, EV 66.9 MPH)
Bottom of the 4th over - 2 runs, 2 hits, 0 errors, 0 left on base; Baltimore 5 - Pittsburgh 11
TOP OF THE 5TH
Baltimore Bullets batting - Pitching for Pittsburgh Kingfishers : RHP Todd Hunter
Batting: SHB Jorge Rocha 0-0: Fly out, F8 (Flyball, 8LM, EV 80.6 MPH)
Batting: LHB Julián Flores 0-0: Called Strike
0-1: Ball
1-1: Ball
2-1: Foul Ball, location: 2F
2-2: Strikes out swinging
Batting: RHB Jesús Vargas 0-0: Swinging Strike
0-1: Called Strike
0-2: Foul Ball, location: 2F
0-2: Ball
1-2: Fly out, F4 (Flyball, 4MD, EV 84.4 MPH)
Top of the 5th over - 0 runs, 0 hits, 0 errors, 0 left on base; Baltimore 5 - Pittsburgh 11
BOTTOM OF THE 5TH
Pittsburgh Kingfishers batting - Pitching for Baltimore Bullets : RHP Thomas Rice
Batting: SHB Cristo López 0-0: Called Strike
0-1: Foul Ball, location: 2F
0-2: Ball
1-2: Ball
2-2: Foul Ball, location: 2F
2-2: Ball
3-2: Base on Balls
Batting: LHB Gustavo Gonzáles 0-0: Called Strike
0-1: Ball
1-1: Grounds into double play, 4-6-3 (Groundball, 4, EV 83.8 MPH)
Batting: RHB Jesús Cortéz 0-0: Called Strike
0-1: Swinging Strike
0-2: Ball
1-2: Strikes out swinging
Bottom of the 5th over - 0 runs, 0 hits, 0 errors, 0 left on base; Baltimore 5 - Pittsburgh 11
TOP OF THE 6TH
Baltimore Bullets batting - Pitching for Pittsburgh Kingfishers : RHP Todd Hunter
Pitching: RHP Carlos Rodríguez
Batting: LHB Benjamin Bays 0-0: Foul Ball, location: 2F
0-1: Ball
1-1: Ball
2-1: Ground out U3 (Groundball, 23, EV 76.9 MPH)
Batting: LHB Norbert King 0-0: SINGLE (Groundball, 56, EV 99.4 MPH) (infield hit)
Batting: RHB Juan Pérez 0-0: Ball
1-0: Foul Ball, location: 2F
1-1: Grounds into double play, 6-4-3 (Groundball, 6, EV 76.2 MPH)
Top of the 6th over - 0 runs, 1 hit, 0 errors, 0 left on base; Baltimore 5 - Pittsburgh 11
BOTTOM OF THE 6TH
Pittsburgh Kingfishers batting - Pitching for Baltimore Bullets : RHP Thomas Rice
Batting: LHB Kyung-chul Son 0-0: Foul Ball, location: 2F
0-1: Foul Ball, location: 2F
0-2: Ball
1-2: Strikes out swinging
Batting: LHB Martín Flores 0-0: Ball
1-0: Called Strike
1-1: Called Strike
1-2: Strikes out swinging
Batting: RHB Ignacio Páez 0-0: Called Strike
0-1: Ground out 5-3 (Groundball, 56, EV 84.4 MPH)
Bottom of the 6th over - 0 runs, 0 hits, 0 errors, 0 left on base; Baltimore 5 - Pittsburgh 11
TOP OF THE 7TH
Baltimore Bullets batting - Pitching for Pittsburgh Kingfishers : RHP Carlos Rodríguez
Batting: LHB Roberto Torres 0-0: Called Strike
0-1: Swinging Strike
0-2: Ball
1-2: Foul Ball, location: 2F
1-2: Ball
2-2: Strikes out swinging
Batting: RHB Sayed Walid 0-0: Swinging Strike
0-1: Ball
1-1: Fly out, F9 (Flyball, 9, EV 86.2 MPH)
Batting: LHB Keith Atkins 0-0: Foul Ball, location: 2F
0-1: Swinging Strike
0-2: Strikes out looking
Top of the 7th over - 0 runs, 0 hits, 0 errors, 0 left on base; Baltimore 5 - Pittsburgh 11
BOTTOM OF THE 7TH
Pittsburgh Kingfishers batting - Pitching for Baltimore Bullets : RHP Thomas Rice
Batting: LHB Philip Todd 0-0: Ball
1-0: Foul Ball, location: 2F
1-1: Swinging Strike
1-2: Foul Ball, location: 2F
1-2: Strikes out swinging
Batting: RHB Luis Pamparacuatro 0-0: Called Strike
0-1: Ball
1-1: Ball
2-1: Called Strike
2-2: Strikes out swinging
Batting: LHB Wing-kit Ou-yang 0-0: Called Strike
0-1: Called Strike
0-2: Strikes out looking
Bottom of the 7th over - 0 runs, 0 hits, 0 errors, 0 left on base; Baltimore 5 - Pittsburgh 11
TOP OF THE 8TH
Baltimore Bullets batting - Pitching for Pittsburgh Kingfishers : RHP Carlos Rodríguez
Batting: SHB Jorge Rocha 0-0: Ball
1-0: Called Strike
1-1: Called Strike
1-2: Fly out, F7 (Flyball, 78M, EV 94.4 MPH)
Batting: LHB Julián Flores 0-0: SOLO HOME RUN (Flyball, 89XD, EV 110.0 MPH), Distance : 431 ft
Batting: RHB Jesús Vargas 0-0: Ball
1-0: Called Strike
1-1: Swinging Strike
1-2: Ball
2-2: Ground out 5-3 (Groundball, 56S, EV 90.0 MPH)
Batting: LHB Benjamin Bays 0-0: Ball
1-0: Swinging Strike
1-1: Called Strike
1-2: Ball
2-2: Ground out 5-3 (Groundball, 5, EV 106.9 MPH)
Top of the 8th over - 1 run, 1 hit, 0 errors, 0 left on base; Baltimore 6 - Pittsburgh 11
BOTTOM OF THE 8TH
Pittsburgh Kingfishers batting - Pitching for Baltimore Bullets : RHP Thomas Rice
Pitching: RHP Sidd Finch
Batting: SHB Cristo López 0-0: Foul Ball, location: 2F
0-1: Foul Ball, location: 2F
0-2: Foul Ball, location: 2F
0-2: Ball
1-2: Ball
2-2: Ball
3-2: Ground out 4-3 (Groundball, 4, EV 80.0 MPH)
Batting: LHB Gustavo Gonzáles 0-0: Ball
1-0: Ball
2-0: Called Strike
2-1: DOUBLE (Line Drive, 9LM, EV 100.0 MPH)
Batting: RHB Jesús Cortéz 0-0: Hit by Pitch
Batting: LHB Kyung-chul Son 0-0: Ball
1-0: Foul Ball, location: 2F
1-1: Ball
2-1: Ball
3-1: Fly out, F8 (Flyball, 8LM, EV 87.5 MPH)
Batting: LHB Martín Flores 0-0: Ball
1-0: SINGLE (Line Drive, 4MD, EV 94.4 MPH)
Gustavo Gonzáles to third
Jesús Cortéz to second
Runner from 3rd tries for Home, SAFE, throw by CF to home
Batting: RHB Ignacio Páez 0-0: Called Strike
0-1: Fly out, F8 (Flyball, 89D, EV 100.6 MPH)
Bottom of the 8th over - 1 run, 2 hits, 0 errors, 2 left on base; Baltimore 6 - Pittsburgh 12
TOP OF THE 9TH
Baltimore Bullets batting - Pitching for Pittsburgh Kingfishers : RHP Carlos Rodríguez
Pitching: RHP António Haritos
Batting: LHB Norbert King 0-0: Called Strike
0-1: Ball
1-1: Ball
2-1: Fly out, F7 (Flyball, 7, EV 91.9 MPH)
Batting: RHB Juan Pérez 0-0: Swinging Strike
0-1: Ball
1-1: Foul Ball, location: 2F
1-2: Foul Ball, location: 2F
1-2: Fly out, F7 (Line Drive, 7, EV 110.6 MPH)
Batting: LHB Roberto Torres 0-0: Fly out, F7 (Line Drive, 7S, EV 106.9 MPH)
Top of the 9th over - 0 runs, 0 hits, 0 errors, 0 left on base; Baltimore 6 - Pittsburgh 12
Friday, March 31st , 2023 - OOTP Baseball 23.10 Build 110